 Dungeon Crawl Stone Soup version 0.22-a0-479-gc6e99f3 (webtiles) character file.

950 KristoblXynda the Ruffian (level 7, -2/59 HPs)
             Began as a Troll Wizard on June 14, 2018.
             Was an Initiate of Ashenzari.
             Slain by Menkaure (25 damage)
             ... on level 5 of the Dungeon.
             The game lasted 00:06:48 (3530 turns).

KristoblXynda the Ruffian (Troll Wizard)            Turns: 3530, Time: 00:06:49

Health: -2/59      AC:  5    Str: 21    XL:     7   Next: 90%
Magic:  9/9        EV: 11    Int: 16    God:    Ashenzari [......]
Gold:   364        SH:  0    Dex:  8    Spells: 6/10 levels left

rFire    . . .     SeeInvis .     - Unarmed
rCold    . . .     Gourm    +   (no shield)
rNeg     . . .     Faith    .   a - +0 robe
rPois    .         Spirit   .   b - +0 hat
rElec    .         Reflect  .   (no cloak)
rCorr    .         Harm     .   (gloves unavailable)
MR       .....                  (boots unavailable)
Stlth    +.........             i - amulet of the acrobat
HPRegen  0.59/turn              s - +2 ring of evasion
MPRegen  0.11/turn              q - +5 ring of strength

@: no status effects
A: large, unfitting armour, claws 3, fast metabolism 3, gourmand, regeneration
1, shaggy fur 1, tough skin 2
a: Curse Item, Renounce Religion


You were on level 5 of the Dungeon.
You worshipped Ashenzari.
Ashenzari was noncommittal.
You were full.

You visited 2 branches of the dungeon, and saw 6 of its levels.

You collected 364 gold pieces.

Inventory:

Armour
 a - a +0 robe (worn)
 b - a +0 hat (worn)
Jewellery
 c - an uncursed ring of magical power
 g - an uncursed ring of positive energy
 i - an amulet of the acrobat (around neck)
 q - a +5 ring of strength (right claw)
 s - a +2 ring of evasion (left claw)
Scrolls
 e - a scroll of amnesia
 m - a scroll of noise {unknown}
 n - 2 scrolls of fog
 p - 2 scrolls of immolation {unknown}
 u - a scroll of enchant weapon {unknown}
 v - a scroll of magic mapping {unknown}
 w - 2 scrolls of random uselessness {unknown}
 x - a scroll of teleportation
 y - a scroll of identify
Potions
 f - a potion of degeneration {unknown}
 h - a potion of brilliance
 j - a potion of heal wounds {unknown}
 k - a potion of might
 l - 2 potions of haste
 o - 2 potions of resistance {unknown}
 r - a potion of magic
 t - 2 potions of curing
Comestibles
 d - 12 rations


   Skills:
 - Level 1.5 Dodging
 - Level 1.0 Stealth
 * Level 6.2 Unarmed Combat
 - Level 2.0 Spellcasting
 * Level 4.8 Conjurations
   Level 0.6 Summonings
   Level 0.6 Translocations


You had 6 spell levels left.
You knew the following spells:

 Your Spells              Type           Power        Failure   Level  Hunger
a - Magic Dart            Conj           ###.         2%          1    #......
b - Mephitic Cloud        Conj/Pois/Air  #.......     32%         3    ###....

Your spell library contained the following spells:

 Spells                   Type           Power        Failure   Level  Hunger
 Conjure Flame            Conj/Fire      #.......     22%         3    ###....
 Slow                     Hex            #.......     30%         2    ###....
 Blink                    Tloc           N/A          24%         2    ###....
 Call Imp                 Summ           #.......     24%         2    ###....


Dungeon Overview and Level Annotations

Branches:
Dungeon (5/15)             Temple (1/1) D:4

Altars:
Ashenzari
Cheibriados
Dithmenos
Elyvilon
Fedhas
Gozag
Hepliaklqana
Kikubaaqudgha
Makhleb
Okawaru
Sif Muna
Trog
Uskayaw
Vehumet
Wu Jian
Xom
Yredelemnul
Zin
The Shining One

Annotations:
D:5 Dowan, Duvessa, Grinder, Menkaure


Innate Abilities, Weirdness & Mutations

You are too large for most types of armour.
You have claws for hands.
Your metabolism is lightning-fast.
You like to eat raw meat.
Your natural rate of healing is unusually fast.
You are covered in fur. (AC +1)
You have very tough skin. (AC +2)


Message History

Menkaure misses you. Grinder gestures at you.
You struggle to resist.
Grinder blinks!
Menkaure misses you. Grinder gestures at you.
You suddenly lose the ability to move!
Menkaure completely misses you. Menkaure hits you!
Grinder blinks!
Grinder blinks!
Menkaure calls on the powers of darkness!
Your body is wracked with pain!
Menkaure hits you!
* * * LOW HITPOINT WARNING * * *
Grinder blinks!
You can move again.
You feel better.
A hound comes into view.
Menkaure hits you!!
You die...

#..#
#............##.#
#............#...
#............#...
##........... #...
#...ยง......# #...
##..........# #...
#...........####...
#.@M...............
#....#####.########
#....# ###...#...
#....######..#..#..
#!.......#_#..#..#.
#........##.#..#..#
#.........##.^###..
#.......h..#### ###
#...O.M........


You could see Menkaure and a hound (wandering).

Vanquished Creatures
  Sigmund (D:5)
  The ghost of ThereIsNoGod the Skirmisher, an amateur DsAK of Lugonu (D:4)
  2 ice beasts (D:5)
  2 scorpions (D:5)
  2 orc priests (D:3)
  A bullfrog skeleton (D:5)
  A hound (D:3)
  2 worker ants (D:4)
  An iguana (D:4)
  2 orc wizards (D:4)
  A worker ant zombie (D:5)
  4 adders
  A shadow imp (D:5)
  An ooze (D:5)
  2 worms
  3 leopard geckos
  8 orcs
  4 giant cockroaches
  4 goblins
  3 hobgoblins
  4 jackals (D:2)
  6 kobolds
  4 quokkas
  A ball python (D:4)
  5 bats (D:2)
  3 frilled lizards
  A quokka skeleton (D:4)
  3 rats
73 creatures vanquished.

Notes
Turn   | Place    | Note
-------+----------+-------------------------------------------
     0 | D:1      | KristoblXynda the Troll Wizard began the quest for the Orb.
     0 | D:1      | Reached XP level 1. HP: 16/16 MP: 2/2
   177 | D:1      | Reached skill level 1 in Conjurations
   254 | D:1      | Reached skill level 1 in Unarmed Combat
   376 | D:1      | Reached XP level 2. HP: 10/24 MP: 4/4
   746 | D:2      | Reached XP level 3. HP: 31/31 MP: 5/5
   965 | D:2      | Reached skill level 2 in Unarmed Combat
  1670 | D:3      | Found a burning altar of Makhleb.
  1676 | D:3      | Reached XP level 4. HP: 29/39 MP: 6/6
  1726 | D:3      | Learned a level 3 spell: Mephitic Cloud
  1837 | D:3      | Reached skill level 3 in Unarmed Combat
  1875 | D:3      | Reached XP level 5. HP: 18/45 MP: 7/7
  2166 | D:4      | Found a basalt altar of Yredelemnul.
  2166 | D:4      | Noticed ThereIsNoGod's ghost (amateur DsAK)
  2416 | D:4      | Found a staircase to the Ecumenical Temple.
  2430 | Temple   | Entered the Ecumenical Temple
  2442 | Temple   | Became a worshipper of Ashenzari the Shackled
  2582 | D:4      | Reached skill level 4 in Unarmed Combat
  2722 | D:4      | Reached XP level 6. HP: 49/53 MP: 8/8
  2740 | D:4      | Killed ThereIsNoGod's ghost
  2941 | D:5      | Entered Level 5 of the Dungeon
  2946 | D:5      | Noticed an ice beast
  2948 | D:5      | Noticed Sigmund
  2966 | D:5      | Killed an ice beast
  2966 | D:5      | Reached skill level 5 in Unarmed Combat
  2966 | D:5      | Reached XP level 7. HP: 54/59 MP: 9/9
  2981 | D:5      | Killed Sigmund
  3014 | D:5      | Reached skill level 6 in Unarmed Combat
  3186 | D:5      | Noticed Duvessa
  3186 | D:5      | Noticed Dowan
  3186 | D:5      | Noticed Grinder
  3188 | D:5      | Paralysed by Grinder for 5 turns
  3198 | D:5      | Noticed Menkaure
  3204 | D:5      | Found an iron altar of Okawaru.
  3524 | D:5      | Paralysed by Grinder for 6 turns
  3530 | D:5      | Slain by Menkaure

Vault maps used:
D:1:      dpeg_arrival_concentric_ovals
D:2:      first_ration, grunt_ministairs_15, st_stairs_9,
          kennysheep_pointless_box, minmay_tetromino_t2
D:3:      makhleb_heckhound_becter
D:4:      overflow_temple_1_default, minmay_temple_entry_statues,
          hangedman_abyss_or_decor_passed, minivault_1, due_unseen_surprise
D:5:      marbit_many_paths, uniq_menkaure, uniq_duvessa, uniq_sigmund,
          uniq_grinder
Temple:   eino_temple_rhombus

Skill      XL: |  1  2  3  4  5  6  7 |
---------------+----------------------+-----
Conjurations   | 1 2 3 4 |  4.8
Unarmed Combat | 1 2 3 4 5 6 |  6.2
Dodging        | |  1.5
Stealth        | |  1.0
Spellcasting   | |  2.0
Summonings     | |  0.6
Translocations | |  0.6

Action                   |  1- 3 |  4- 6 |  7- 9 || total
-------------------------+-------+-------+-------++-------
Melee: Unarmed           |   149 |    86 |    42 ||   277
       Punch             |       |       |     2 ||     2
  Use: Scroll            |     4 |     3 |     2 ||     9
       Potion            |       |     2 |     2 ||     4
 Stab: Sleeping          |     1 |       |     1 ||     2
  Eat: Chunk             |    21 |    12 |     2 ||    35
Armor: Robe              |    60 |    23 |    12 ||    95
Dodge: Dodged            |    99 |    43 |    23 ||   165

Table legend:
 A = Spawn XP
 B = Non-spawn XP
 C = Spawn XP percentage of total XP
 D = Spawn monster count
 E = Non-spawn monster count
 F = Spawn count percentage of total count
 G = Total turns spent on level
                    A         B        C        D         E        F      G
               +---------+---------+-------+---------+---------+-------+---------
         Total |       0 |    1358 |   0.0 |       0 |      73 |   0.0 |  3530
               +---------+---------+-------+---------+---------+-------+---------
           D:1 |       0 |      18 |   0.0 |       0 |       9 |   0.0 |   509
           D:2 |       0 |      51 |   0.0 |       0 |      21 |   0.0 |   826
           D:3 |       0 |     161 |   0.0 |       0 |      14 |   0.0 |   865
           D:4 |       0 |     403 |   0.0 |       0 |      16 |   0.0 |   612
           D:5 |       0 |     725 |   0.0 |       0 |      13 |   0.0 |   589
               +---------+---------+-------+---------+---------+-------+---------
